[Event "*** SCC Grand Prix: Titled Tuesday Blitz"]
[Site "Chess.com"]
[Date "2020.07.14"]
[Round "6"]
[White "Ty3oB"]
[Black "sorito"]
[Result "0-1"]
[WhiteElo "2189"]
[BlackElo "2441"]
[TimeControl "180+1"]
[EndTime "11:08:30 PDT"]
[Termination "sorito won by resignation"]

1. d4 b6 2. Nf3 Bb7 3. g3 e6 4.
Bg2 Nf6 5. c4 c5 6. d5 exd5 7.
Nh4 d6 8. cxd5 g6 9. Nc3 Bg7 10. O-O O-O 11. a4 a6 12. h3 Nbd7 13. e4 Re8 14. Re1 Rb8 15. f4 Nh5 16. Kh2 Bd4 17. Nf3 Bf2 18. g4 Bg3+ 19. Kh1 Nxf4 20. Rf1 Nxg2 21.
Kxg2 Be5 22. Nxe5 Nxe5 23. Bf4 Bc8 24. Qe2 Qe7 25. Rae1 f6 26. Bg3 Rf8 27. Rf2 b5 28. axb5 axb5 29. Ra1 b4 30. Nd1 Bd7 31. Ne3 Bb5 32.
Qd2 Nd3 33. Kf3 Nxf2 34. Bxf2 Rbe8 35. Qc2 f5 36. gxf5 gxf5 37. Nxf5 Qe5 38. Rg1+ Kh8 39. Rg4 Rxf5+ 40. exf5 Be2+ 41. Kg2 Bxg4 42. hxg4 Qxd5+ 43. Kg3 Qe4 44. Qd2 Qe5+ 45. Kh3 Kg8 46. Bg3 Qd4 47. Qg5+ Qg7 48. Qh5 Qf7 49. Qg5+ Qg7 50.
Qh5 Re3 51. Kh4 Qf6+ 52. g5 Qd4+ 53. Kh3 Qe5 54. Qg4 Rxg3+ 55. Qxg3 Qxf5+ 56. Kh4 Qe4+ 57. Kh5 Qe2+ 58. Kh4 Qe4+ 59. Kh5 Qe8+ 60. Kh4 Qe5 61. Qg4 Qd4 62. Qxd4 cxd4 63. Kg4 Kg7 64. Kf4 Kg6 65. Ke4 Kxg5 66. Kxd4 h5 67. Kc4 h4 68. Kxb4 h3 69. Ka5 h2 70. b4 h1=Q 71. b5 Qb7 72. b6 d5 0-1

[Event "*** SCC Grand Prix: Titled Tuesday Blitz"]
[Site "Chess.com"]
[Date "2020.07.14"]
[Round "6"]
[White "c_r_e_e_p_e_r"]
[Black "chesslh19"]
[Result "1-0"]
[WhiteElo "2304"]
[BlackElo "2137"]
[TimeControl "180+1"]
[EndTime "11:08:30 PDT"]
[Termination "c_r_e_e_p_e_r won on time"]

1. e4 c5 2. Nf3 d6 3. d4 cxd4 4. Nxd4 Nf6 5. Nc3 e6 6. Bc4 a6 7.
Bb3 b5 8. O-O Be7 9. Qf3 Qc7 10.
Qg3 O-O 11. Bh6 Ne8 12. Rad1 Nc6 13. Nxc6 Qxc6 14. Nd5 Ra7 15. Nxe7+ Rxe7 16. Rfe1 Kh8 17. Bg5 f6 18. Bf4 e5 19. Bd2 Be6 20. Bxe6 Rxe6 21.
Qb3 Qc4 22. Qxc4 bxc4 23. Ba5 Re7 24. Re3 Rb7 25. b3 cxb3 26. axb3 Kg8 27. Rc3 Kf7 28. Rc6 Rb5 29. Rxa6 g6 30. b4 f5 31. c4 Rb7 32. f3 Ke6 33. c5 fxe4 34. cxd6 Kd7 35. fxe4 Rf4 36. Re1 Nf6 37. Ra8 Rxe4 38. Rd8+ Ke6 39.
Rf1 Rf4 40. Rxf4 exf4 41. Kf2 Rd7 42. Rxd7 Kxd7 43. Bc7 Ne4+ 44. Kf3 Nc3 45. Kxf4 Nd5+ 46. Kg5 Nxb4 47. Kh6 Nd5 48. Kxh7 g5 49. Kg6 g4 50.
g3 Ne3 51. Kg5 Nf1 52. Kxg4 Nxh2+ 53. Kf4 Ke6 54. g4 Kd7 55. Kf5 Nf3 56. g5 Nd4+ 57.
Kf6 Ne6 58. g6 1-0

[Event "*** SCC Grand Prix: Titled Tuesday Blitz"]
[Site "Chess.com"]
[Date "2020.07.14"]
[Round "6"]
[White "IAgrest"]
[Black "Margarita2907"]
[Result "1-0"]
[WhiteElo "2218"]
[BlackElo "2087"]
[TimeControl "180+1"]
[EndTime "11:08:30 PDT"]
[Termination "IAgrest won by resignation"]

1. e4 c5 2. Nf3 d6 3. d4 cxd4 4.
Nxd4 Nf6 5. Nc3 a6 6. Bg5 Nbd7 7. Qe2 e6 8. O-O-O Be7 9. h4 Qc7 10. h5 h6 11. Be3 b5 12. f3 Bb7 13. Qf2 Ne5 14.
Kb1 Nc4 15. Bxc4 Qxc4 16. g4 b4 17. Nce2 Rc8 18. Nc1 a5 19. Ndb3 Qb5 20. Nd4 Qa6 21. Qe2 Qxe2 22. Ncxe2 d5 23. e5 Nd7 24. f4 Nc5 25. g5 hxg5 26. fxg5 Ne4 27. g6 fxg6 28. Nxe6 gxh5 29. Nxg7+ Kd7 30. e6+ Kd6 31. Bf4+ Kc6 32. Nd4+ Kb6 33. Be3 Bc5 34. Rxh5 Rxh5 35. Nxh5 Rh8 36.
Ng7 Rh3 37. Bg1 Rg3 38. e7 Bxe7 39. Ndf5+ Rxg1 40. Rxg1 Bc5 41. Rg6+ Kb5 42. Ne6 Bb6 43. Ned4+ Bxd4 44. Nxd4+ Kc4 45. Ne6 Bc8 46. b3+ Kb5 47. Nd4+ Kc5 48. Rc6+ Kxd4 49. Rxc8 Nc3+ 50. Kb2 Nd1+ 51.
Kc1 Nc3 52. Kb2 Nd1+ 53. Ka1 Nc3 54. Ra8 Ke3 55. Rxa5 Kd2 56. Kb2 d4 57. Rc5 d3 58.
cxd3 Kxd3 59. Rxc3+ bxc3+ 60. Kc1 c2 61. a4 Kc3 62. a5 Kxb3 63. a6 Kb4 64. a7 1-0

[Event "*** SCC Grand Prix: Titled Tuesday Blitz"]
[Site "Chess.com"]
[Date "2020.07.14"]
[Round "6"]
[White "keshka01"]
[Black "MateSchmate"]
[Result "1-0"]
[WhiteElo "2567"]
[BlackElo "2411"]
[TimeControl "180+1"]
[EndTime "11:08:33 PDT"]
[Termination "keshka01 won by checkmate"]

1. e4 e6 2. d3 d5 3. Nd2 Nf6 4.
Ngf3 Bc5 5. e5 Nfd7 6. g3 Be7 7. Bg2 c5 8. O-O Nc6 9. Re1 Qc7 10. Qe2 b5 11. h4 Bb7 12. h5 h6 13. Nf1 a5 14. N1h2 a4 15. a3 b4 16. Ng4 bxa3 17.
bxa3 Ba6 18. Bf4 Nb6 19. Reb1 d4 20. Nd2 Rb8 21. Ne4 Nc8 22. Qd2 Rxb1+ 23. Rxb1 Qa5 24.
Qc1 Qc7 25. Rb2 Kd7 26. Rb1 Nb6 27. Nd6 Rf8 28. Qb2 Nc8 29. Ne4 N8a7 30. Nd6 Nc8 31. Nc4 Bxc4 32. dxc4 N8a7 33. Qb7 Rb8 34. Qxc7+ Kxc7 35. Rxb8 Nxb8 36. Bxh6 gxh6 37. Nxh6 f6 38. Ng8 Bf8 39.
exf6 Nd7 40. f7 Ne5 41. h6 Nxf7 42. h7 Bg7 43. g4 Nc6 44. Bxc6 Kxc6 45. f4 Kd7 46.
Kf2 Ke8 47. Kf3 Kf8 48. g5 Nh8 49. Kg4 Kf7 50. f5 exf5+ 51. Kxf5 Ng6 52. Nf6 Nf8 53. Ne4 Bh8 54. Nxc5 Ke7 55. g6 Kd6 56. Ne4+ Ke7 57. Ng5 Ne6 58. Nxe6 Bf6 59. Ng5 Bh8 60. Nf7 Bg7 61.
h8=Q d3 62. cxd3 Bf8 63. Qf6+ Kd7 64. Qd8+ Kc6 65. Qd5+ Kc7 66. c5 Kb8 67. Qd8+ Ka7 68. Qb6+ Ka8 69. c6 Bd6 70. Qb7# 1-0

[Event "*** SCC Grand Prix: Titled Tuesday Blitz"]
[Site "Chess.com"]
[Date "2020.07.14"]
[Round "6"]
[White "Olga_Zhuravleva"]
[Black "AttilaTurzo"]
[Result "0-1"]
[WhiteElo "2313"]
[BlackElo "2491"]
[TimeControl "180+1"]
[EndTime "11:08:36 PDT"]
[Termination "AttilaTurzo won by resignation"]

1. e4 c5 2. Nf3 d6 3. d4 cxd4 4. Nxd4 Nf6 5. Nc3 a6 6. Bd3 e5 7. Nb3 Be7 8. O-O Be6 9. f4 Qc7 10. Kh1 Nbd7 11. Qf3 O-O 12. Be3 exf4 13. Bxf4 Ne5 14.
Qf2 Rac8 15. Nd4 b5 16. a3 Nc4 17. Bxc4 Qxc4 18. Rad1 b4 19. axb4 Qxb4 20. Bc1 Bc4 21.
Rfe1 Rfe8 22. Nf5 Bf8 23. Qg3 Kh8 24. Rxd6 Nh5 25. Qg5 Bxd6 26. Nxd6 Qxd6 27. Qxh5 Qg6 28. Qf3 h6 29. h3 a5 30. b3 Be6 31. Bb2 f6 32. Nb5 Rxc2 33. Bc3 Bxb3 34. Nd4 a4 35. Nxc2 Bxc2 36. Bb2 Rxe4 37. Rxe4 Qxe4 38. Qc3 Bb3 39.
Kh2 Kh7 40. Kg1 Qc2 41. Qd4 Qd1+ 42. Qxd1 Bxd1 43. Kf2 Kg6 44. Ke1 Bb3 45. Kf2 Kf5 46.
g3 g5 47. Kf3 Bd5+ 48. Ke3 Bg2 49. h4 gxh4 50. gxh4 Ke6 51. Kf4 h5 52. Kg3 Bf1 53.
Kf4 Bc4 54. Ba3 Bb3 55. Ke4 Bc2+ 56. Kf4 Bd1 57. Bb2 f5 58. Ba3 Bg4 59. Bb2 Kd5 60. Ke3 Kc4 61. Kd2 Kb3 62. Kc1 a3 63. Be5 a2 64.
Kd2 f4 65. Ke1 f3 66. Kf2 Kc2 67. Ba1 Kb1 68. Be5 a1=N 69. Bxa1 Kxa1 70. Kg3 Kb2 71. Kh2 Kc3 72. Kg1 Kd2 73. Kf2 Kd1 74. Kf1 Kd2 75.
Kf2 Kd3 76. Kf1 Ke3 77. Kg1 f2+ 78. Kh2 f1=Q 79. Kg3 Qf4+ 0-1

[Event "*** SCC Grand Prix: Titled Tuesday Blitz"]
[Site "Chess.com"]
[Date "2020.07.14"]
[Round "6"]
[White "XDPS"]
[Black "Barmen_EV"]
[Result "1-0"]
[WhiteElo "2683"]
[BlackElo "2431"]
[TimeControl "180+1"]
[EndTime "11:08:38 PDT"]
[Termination "XDPS won on time"]

1. e4 c5 2. Nf3 Nc6 3. Bb5 e6 4. O-O Nge7 5. d4 cxd4 6. Nxd4 Ng6 7. Nxc6 bxc6 8. Bd3 Be7 9. Nc3 e5 10. Ne2 O-O 11.
Ng3 d5 12. c4 Be6 13. exd5 cxd5 14. cxd5 Bxd5 15. Nf5 Bc5 16. Be3 Bxe3 17. Nxe3 Be6 18.
Be4 Rb8 19. Qc2 Qb6 20. b3 Rbc8 21. Qb2 Qd4 22. Qxd4 exd4 23. Nf5 Bxf5 24. Bxf5 Rc3 25. Rfd1 Rd8 26. Rd2 Ne7 27. Bd3 Nc6 28. Rad1 Nb4 29. Bc4 d3 30. a3 Nc6 31. Bxd3 Rxb3 32. h3 Kf8 33. a4 Ne5 34. Bf1 Rxd2 35. Rxd2 Rb1 36. f4 Nc4 37. Re2 Ra1 38. Kf2 Rxa4 39. Rc2 Nd6 40. Rc7 a5 41. Ra7 Ra2+ 42. Kg3 a4 43. Kh2 a3 44. Ra6 Ke7 45. f5 Nxf5 46. Ra7+ Kf6 47. Bc4 Nd6 48. Bxa2 Ke5 49. Rxa3 Ne4 50. Re3 Kd4 51. Ra3 Nd6 52. Ra7 Ke5 53.
Bxf7 Kf6 54. Bd5 g5 55. Bf3 Ke5 56. Ra5+ Kf6 57. Ra6 Ke5 58. g4 Nc4 59. Kg3 Nd2 60.
Ra5+ Kf6 61. Rd5 Nc4 62. Be2 Ne5 63. Rd6+ Ke7 64. Rd5 Ke6 65. Ra5 1-0

[Event "*** SCC Grand Prix: Titled Tuesday Blitz"]
[Site "Chess.com"]
[Date "2020.07.14"]
[Round "6"]
[White "Mfcyryd"]
[Black "Harsha_Bharathakoti"]
[Result "1/2-1/2"]
[WhiteElo "2572"]
[BlackElo "2779"]
[TimeControl "180+1"]
[EndTime "11:08:39 PDT"]
[Termination "Game drawn - insufficient material"]

1. e4 c5 2. Nf3 Nc6 3. d4 cxd4 4. Nxd4 Nf6 5. Nc3 d6 6. h4 e5 7. Nb3 Be6 8. f4 exf4 9. Bxf4 Be7 10. Qd2 Ne5 11. O-O-O a6 12. Kb1 Nfd7 13. Nd4 Rc8 14. Nd5 Bxd5 15. exd5 O-O 16. Be2 Re8 17. g4 Bf8 18. g5 Nb6 19. Nf5 Nbc4 20. Qd4 Qd7 21. Ng3 g6 22. h5 Bg7 23. Bc1 Qb5 24. Qc3 Nd7 25. Qb3 Qxb3 26. axb3 Ne3 27. Rd2 Nc5 28.
Bf3 Re5 29. Re1 Rxg5 30. hxg6 hxg6 31. Nh5 gxh5 32. Rxe3 Rg1 33. Rg2 Rxg2 34. Bxg2 h4 35. Bh3 Rf8 36. b4 Na4 37. c4 Nb6 38. b3 Be5 39.
Re4 f5 40. Rxh4 f4 41. Kc2 Kg7 42. Kd3 Nc8 43. Ke4 Ne7 44. Bxf4 Bxf4 45. Rxf4 Rxf4+ 46.
Kxf4 Kf6 47. Be6 b6 48. Ke4 Kg7 49. Kd4 Kf6 50. c5 bxc5+ 51. bxc5 dxc5+ 52. Kxc5 Ke5 53. b4 Ng6 54. Bc8 Nf4 55. d6 Nd3+ 56. Kc4 Nxb4 57. d7 Nc6 58. Kc5 Nd8 59. Bxa6 Ke6 60. Bc8 Ke7 61.
Kd5 Nf7 62. Ke4 Kd8 63. Kf5 Nd6+ 64. Ke6 Nxc8 65. dxc8=Q+ Kxc8 1/2-1/2

[Event "*** SCC Grand Prix: Titled Tuesday Blitz"]
[Site "Chess.com"]
[Date "2020.07.14"]
[Round "6"]
[White "tigra"]
[Black "Parhamov"]
[Result "1-0"]
[WhiteElo "2847"]
[BlackElo "3009"]
[TimeControl "180+1"]
[EndTime "11:08:40 PDT"]
[Termination "tigra won on time"]

1. e4 e5 2. Nf3 Nc6 3. Bc4 Bc5 4.
b4 Bb6 5. a4 a6 6. c3 Nf6 7. d3 O-O 8. O-O d6 9. Ra2 Be6 10.
Nbd2 h6 11. Bxe6 fxe6 12. Nc4 Ba7 13. b5 Ne7 14. bxa6 bxa6 15. Be3 Bxe3 16. Nxe3 Ng6 17. g3 Rb8 18. Kg2 Qd7 19. Qc2 Rf7 20. Rb1 Rbf8 21. Ng1 d5 22. Rab2 Qc6 23. f3 h5 24. h4 Nd7 25.
Rb4 Ne7 26. Qe2 Qxc3 27. exd5 exd5 28. R4b2 Qd4 29. Rc2 c5 30. Rb7 Nf6 31. Rxe7 Ng4 32. fxg4 Rxe7 33. Nf5 Rxf5 34. gxf5 e4 35. dxe4 c4 36. Nf3 Qxe4 37. Qxe4 Rxe4 38. Rd2 c3 39. Rxd5 Rxa4 40. Rc5 Ra2+ 41. Kf1 c2 42. Ne1 Ra5 43.
Rxc2 Rxf5+ 44. Ke2 g5 45. Rc8+ Kf7 46. Rc7+ Ke8 47.
Nf3 Kd8 48. Ra7 gxh4 49. gxh4 Ra5 50. Ke3 Kc8 51. Nd4 Ra1 52. Ke4 Kb8 53. Nc6+ Kc8 54.
Rh7 a5 55. Kd5 a4 56. Kd6 Rd1+ 57. Kc5 a3 58. Nb4 Rc1+ 59. Kd6 Rd1+ 60. Nd5 1-0

[Event "*** SCC Grand Prix: Titled Tuesday Blitz"]
[Site "Chess.com"]
[Date "2020.07.14"]
[Round "6"]
[White "EvgenyRomanov"]
[Black "JoakimVonAnd"]
[Result "1-0"]
[WhiteElo "2604"]
[BlackElo "2447"]
[TimeControl "180+1"]
[EndTime "11:08:41 PDT"]
[Termination "EvgenyRomanov won by checkmate"]

1. Nf3 d5 2. c4 e6 3. g3 Nf6 4.
Bg2 dxc4 5. Qa4+ c6 6. Qxc4 b5 7. Qb3 Bb7 8. d4 a6 9. O-O Nbd7 10. Rd1 Qb6 11. a4 c5 12. axb5 axb5 13. Rxa8+ Bxa8 14. Na3 Bc6 15. Ne5 Bxg2 16. Kxg2 b4 17. Nac4 Qb7+ 18.
f3 Be7 19. dxc5 Nxc5 20. Qc2 O-O 21. Na5 Qc7 22. Nac6 Rc8 23. Nxe7+ Qxe7 24. e4 h6 25. Be3 Rc7 26. Qd2 b3 27. Qb4 Qf8 28. Rd2 Ncd7 29. Qb5 Nxe5 30. Qxe5 Qc8 31. Qb5 Rb7 32. Qa4 Kh7 33.
Bd4 Nd7 34. h4 e5 35. Bc3 f6 36. Rd6 Nf8 37. Rd5 Ne6 38. Rb5 Rxb5 39. Qxb5 Nd4 40. Bxd4 exd4 41. Qxb3 Qc1 42. Kf2 Qb1 43. Ke2 Qg1 44. g4 Qg2+ 45. Kd1 Qf1+ 46. Kd2 Qf2+ 47. Kc1 Qe1+ 48. Qd1 Qe2 49. Qxe2 d3 50. Qxd3 Kg6 51. e5+ f5 52. gxf5+ Kh5 53. e6 Kxh4 54. Qe4+ Kg3 55. Qg4+ Kf2 56. Qxg7 h5 57. Qh6 h4 58. Qxh4+ Ke2 59.
e7 Kd3 60. e8=B Ke2 61. Qe4+ Kf1 62. Bb5+ Kg2 63. Qe2+ Kg3 64. f6 Kf4 65. f7 Kg5 66.
f8=Q Kh4 67. Qh2+ Kg5 68. Qff4+ Kg6 69. Qhh6# 1-0

[Event "*** SCC Grand Prix: Titled Tuesday Blitz"]
[Site "Chess.com"]
[Date "2020.07.14"]
[Round "6"]
[White "FatUpss"]
[Black "Grischuk"]
[Result "0-1"]
[WhiteElo "2757"]
[BlackElo "3046"]
[TimeControl "180+1"]
[EndTime "11:08:42 PDT"]
[Termination "Grischuk won by checkmate"]

1. e4 c5 2. Nc3 d6 3. f4 g6 4. Nf3 Bg7 5. Bc4 Nc6 6. O-O Nf6 7. Qe1 O-O 8. d3 Bg4 9. Ng5 Nd4 10. Qf2 h6 11. h3 Bd7 12. Nf3 b5 13. Bb3 Nxf3+ 14. Qxf3 Rc8 15. e5 Ne8 16. a3 c4 17. Ba2 Bc6 18. Qg3 dxe5 19. fxe5 Qd4+ 20. Be3 Qxe5 21.
Qxe5 Bxe5 22. Bxh6 Ng7 23. dxc4 bxc4 24. Rfe1 Bd4+ 25.
Kh2 Rfe8 26. Bxc4 Nf5 27. Bf4 Bxg2 28. Bd3 Ba8 29. Ne4 Bxb2 30. Rab1 Bxa3 31. Ra1 Bxe4 32. Bxe4 Bd6 33. Bxd6 Nxd6 34. Rxa7 Nxe4 35. Rxe4 Rxc2+ 36. Kg3 Kf8 37. Re3 Rc6 38. Raa3 Rec8 39. Rab3 f6 40.
Ra3 Kf7 41. Rab3 R8c7 42. Ra3 g5 43. Rab3 Rc4 44. Rf3 Rd4 45. Ra3 Re4 46. Rab3 Re5 47. Ra3 Rc4 48. Rab3 Rc1 49. Ra3 Kg6 50. Rab3 Rg1+ 51.
Kf2 Rd1 52. Ra3 Rd4 53. Kg3 Rde4 54. Rab3 f5 55. Rb6+ Re6 56. Rb2 Re3 57. Kf2 Rxf3+ 58. Kxf3 Ra6 59. Rb3 Kf6 60. Ke3 e6 61. Kf3 Ra4 62.
Kg3 Ke5 63. Re3+ Re4 64. Ra3 f4+ 65. Kf2 Kf5 66. Ra5+ e5 67. Ra8 Rb4 68. Rg8 Rb2+ 69. Kg1 f3 70. Kf1 Kf4 71. Kg1 e4 72. Kf1 Rb1+ 73. Kf2 e3# 0-1

[Event "*** SCC Grand Prix: Titled Tuesday Blitz"]
[Site "Chess.com"]
[Date "2020.07.14"]
[Round "6"]
[White "poppy73"]
[Black "Falia-p"]
[Result "0-1"]
[WhiteElo "2230"]
[BlackElo "2400"]
[TimeControl "180+1"]
[EndTime "11:08:43 PDT"]
[Termination "Falia-p won by resignation"]

1. e4 c6 2. Nc3 d5 3. Nf3 dxe4 4. Nxe4 Nf6 5. Qe2 Nxe4 6. Qxe4 Nd7 7. Bc4 Nf6 8. Qe2 Bf5 9. O-O e6 10. d4 Be7 11.
Re1 O-O 12. h3 Bg6 13. Bf4 b5 14. Bb3 Be4 15. Rad1 Bd5 16. Ne5 Qb6 17. Bg5 Rad8 18. c3 Bxb3 19. axb3 Nd5 20. Bxe7 Nxe7 21. b4 Ng6 22.
Nd3 a5 23. bxa5 Qxa5 24. Ra1 Qc7 25. Ra6 Ra8 26. Rea1 Qb7 27. Nc5 Rxa6 28. Rxa6 Qc7 29. Qe4 Rc8 30. g3 h5 31. h4 Ne7 32. Qe2 g6 33. b4 Nd5 34. Qf3 Kg7 35. Ra1 Qe7 36.
Re1 Qf6 37. Qd3 Ra8 38. c4 Ra2 39. Ne4 Qf5 40. cxd5 Qxd5 41. Nc3 Ra3 42. Nxd5 Rxd3 43. Ne7 Rxd4 44. Nxc6 Rc4 45. Na7 Rxb4 46. Rc1 Rb2 47. Rc7 b4 48. Rb7 b3 49. Nc6 Rc2 50. Nd8 b2 51. Kg2 Kf8 52. Rxf7+ Ke8 53. Rb7 Kxd8 54. Rb8+ Kc7 55. Rb3 Kc6 56. Rb8 Kd5 57. Rd8+ Kc4 58.
Rb8 Kc3 59. Rc8+ Kd2 60. Rd8+ Kc1 61. Rb8 b1=Q 62. Rxb1+ Kxb1 63. Kf3 Rc4 64. Ke3 Kc2 65. f4 Kc3 66. Kf3 Kd3 0-1

[Event "*** SCC Grand Prix: Titled Tuesday Blitz"]
[Site "Chess.com"]
[Date "2020.07.14"]
[Round "6"]
[White "karinachess1"]
[Black "bascheyaro"]
[Result "0-1"]
[WhiteElo "2522"]
[BlackElo "2706"]
[TimeControl "180+1"]
[EndTime "11:08:46 PDT"]
[Termination "bascheyaro won by resignation"]

1. c4 c5 2. Nf3 Nc6 3. d4 cxd4 4. Nxd4 g6 5. e4 Bg7 6. Nc2 d6 7. Be2 Nf6 8. Nc3 Be6 9. O-O Rc8 10. Be3 O-O 11.
Qd2 Na5 12. b3 b5 13. cxb5 Bxb3 14. Nd4 Nc4 15. Qc1 Nxe3 16. Qxe3 Be6 17. Nc6 Qd7 18. Rac1 a6 19. a4 axb5 20. axb5 Rfe8 21. Rfd1 Qb7 22.
Bf3 Ng4 23. Bxg4 Bxg4 24. Nd5 Bxd1 25. Ncxe7+ Kf8 26. Nxc8 Rxc8 27. Rxd1 Qxb5 28. Qg5 Qb7 29. h3 Re8 30. Re1 h6 31. Qf4 Qc6 32. Rc1 Qd7 33.
Rc7 Qe6 34. f3 Kg8 35. Kh1 g5 36. Qg4 Kf8 37. Qxe6 fxe6 38. Ne3 Re7 39. Rc8+ Kf7 40. Kg1 Bd4 41. Kf2 d5 42. Ke2 dxe4 43. fxe4 Ra7 44.
Rc4 Ra2+ 45. Rc2 Ra3 46. Nc4 Rg3 47. Kf1 Ke7 48. Nd2 Ra3 49. Nf3 Bc3 50. Ke2 Kf6 51. Rc1 h5 52. Rc2 g4 53. hxg4 hxg4 54. Ne1 Ke5 55. Nd3+ Kd4 56. Nf2 g3 57. Nd1 Bb4 58.
Rb2 Bc5 59. Rc2 Be7 60. Nc3 Rxc3 61. Rxc3 Kxc3 62. Kf3 Bd6 63. Ke3 Be5 64. Kf3 Kd4 65.
Ke2 Kxe4 66. Kf1 Bd4 67. Ke2 Ba7 68. Kf1 e5 69. Ke2 Kd4 70. Kf3 Kd3 71. Kxg3 e4 72. Kf4 e3 73. g4 e2 74. g5 e1=Q 0-1

[Event "*** SCC Grand Prix: Titled Tuesday Blitz"]
[Site "Chess.com"]
[Date "2020.07.14"]
[Round "6"]
[White "PSvidler"]
[Black "kuban1991"]
[Result "0-1"]
[WhiteElo "2964"]
[BlackElo "2769"]
[TimeControl "180+1"]
[EndTime "11:08:49 PDT"]
[Termination "kuban1991 won by resignation"]

1. e4 e6 2. d4 d5 3. Nd2 c5 4.
Ngf3 Nc6 5. exd5 exd5 6. Bb5 Bd6 7. dxc5 Bxc5 8. O-O Ne7 9. Nb3 Bb6 10. Re1 O-O 11.
Be3 Bf5 12. h3 h6 13. c3 Be4 14. Nc5 Nf5 15. Nxe4 Nxe3 16. fxe3 dxe4 17. Qxd8 Raxd8 18.
Nd4 Ne5 19. Rad1 g6 20. Kf2 h5 21. Ke2 a6 22. Ba4 Nd3 23. Rxd3 exd3+ 24. Kxd3 Kg7 25. b4 Rd6 26. Bb3 Rfd8 27. g4 hxg4 28. hxg4 Rh8 29. c4 Rf6 30. c5 Bc7 31. Bd5 b6 32. Bb7 bxc5 33. bxc5 Rh2 34. Re2 Rh4 35. Rg2 Rh1 36.
c6 Rd1+ 37. Ke4 Rd6 38. Rc2 Kf6 39. Bxa6 Kg5 40. Be2 f5+ 41. gxf5 gxf5+ 42. Nxf5 Re6+ 43. Kf3 Rd8 44. e4 Rh8 45. Bb5 Rh3+ 46. Ke2 Rxe4+ 47. Kd2 Kxf5 48. Bd3 Kf4 49. Bxe4 Kxe4 50. Rc4+ Kd5 51. Rg4 Rh2+ 52. Kd3 Kxc6 53. Rg6+ Bd6 54. a4 Rh4 55. Kc3 Rxa4 56. Kb3 Rf4 57. Rg2 Kd5 58.
Rd2+ Kc5 59. Rc2+ Kb5 60. Rc3 Be5 61. Rd3 Rb4+ 62. Kc2 Kc4 63. Rd8 Rb2+ 64. Kc1 Rh2 65. Rc8+ Kd3 66. Kb1 Bd4 67. Rc7 Rb2+ 68. Kc1 Rb6 69.
Rd7 Ra6 0-1

[Event "*** SCC Grand Prix: Titled Tuesday Blitz"]
[Site "Chess.com"]
[Date "2020.07.14"]
[Round "6"]
[White "Paladin61"]
[Black "GM_Levan_Pantsulaia"]
[Result "0-1"]
[WhiteElo "2656"]
[BlackElo "2829"]
[TimeControl "180+1"]
[EndTime "11:08:49 PDT"]
[Termination "GM_Levan_Pantsulaia won by resignation"]

1. b3 Nf6 2. Bb2 g6 3. Bxf6 exf6 4. c4 f5 5. Nc3 Bg7 6. Rc1 O-O 7. g3 Re8 8. Bg2 d6 9. e3 Nd7 10. d4 Nf6 11. Qd3 h5 12. Nge2 h4 13. O-O c6 14.
b4 hxg3 15. hxg3 Ng4 16. Bf3 Qg5 17. Kg2 Bd7 18. Nf4 Re7 19. Rce1 Rae8 20. Re2 Bf6 21.
Rh1 Bg7 22. a4 a6 23. a5 Bf6 24. Na4 c5 25. Nb6 cxd4 26. exd4 Rxe2 27. Nxe2 Be6 28. Nf4 Bc8 29. Nxc8 Rxc8 30. Bxb7 Rb8 31. Bxa6 Rxb4 32.
Bb5 Rb2 33. Rf1 Qh6 34. Nh3 Ne3+ 35. Kh2 Nxf1+ 36. Qxf1 Bxd4 37. Kg2 Qd2 38. a6 Kg7 39. Bc6 g5 40. Bd5 g4 41. Nf4 Qxf2+ 42. Qxf2 Rxf2+ 43. Kh1 Ra2 44. c5 Rxa6 45. c6 Ra1+ 46. Kg2 Rc1 47.
Nh5+ Kh6 48. Nf4 Kg5 49. Bxf7 Rc2+ 50. Kf1 Be5 51. Bd5 Bxf4 52. gxf4+ Kxf4 53. Ke1 Rc5 54. Kd1 Ke5 0-1

[Event "*** SCC Grand Prix: Titled Tuesday Blitz"]
[Site "Chess.com"]
[Date "2020.07.14"]
[Round "6"]
[White "novocane"]
[Black "Phriex"]
[Result "1/2-1/2"]
[WhiteElo "2262"]
[BlackElo "2397"]
[TimeControl "180+1"]
[EndTime "11:08:49 PDT"]
[Termination "Game drawn - insufficient material"]

1. d4 d5 2. c4 e6 3. Nc3 Be7 4. cxd5 exd5 5. Bf4 c6 6. Qc2 Bd6 7. Nxd5 Qa5+ 8. Nc3 Bxf4 9. Qe4+ Ne7 10. Qxf4 Be6 11. e4 Nd7 12. Nf3 h6 13. Bd3 g5 14. Qd6 Rd8 15. O-O Nf6 16. Qe5 Qxe5 17. dxe5 Nd7 18. h3 g4 19. hxg4 Bxg4 20. Be2 Bxf3 21. gxf3 Nxe5 22.
f4 N5g6 23. f5 Nf4 24. Rfd1 Rg8+ 25. Kf1 Nh3 26. Bc4 Rxd1+ 27. Rxd1 Rg1+ 28. Ke2 Rxd1 29.
Nxd1 b5 30. Bb3 Nf4+ 31. Ke3 Ng2+ 32. Kf3 Ne1+ 33. Ke2 Ng2 34. Kf3 Ne1+ 35. Kg4 Nd3 36. Kh5 Ng8 37. Bc2 Nb4 38. Bb1 c5 39. e5 Nc6 40. f4 Nd4 41. Ne3 c4 42. Nd5 Kd7 43. f6 a5 44. f5 b4 45. Nb6+ Ke8 46.
Nxc4 Nc6 47. Be4 Nxe5 48. Nxe5 Nxf6+ 49. Kxh6 Nxe4 50. Kg7 Nd6 51. f6 Nf5+ 52. Kg8 Nd6 53. b3 Ne4 54. Nxf7 Nxf6+ 55. Kg7 Ne4 56. Ne5 Nc3 57.
Nc6 Kd7 58. Nxa5 Nxa2 59. Kf6 Kc7 60. Ke5 Kb6 61. Nc4+ Kc5 62. Ke4 Nc1 63. Nd2 Nxb3 64. Nxb3+ Kc4 65. Nd4 Kc3 66. Kd5 b3 67. Nxb3 1/2-1/2

[Event "*** SCC Grand Prix: Titled Tuesday Blitz"]
[Site "Chess.com"]
[Date "2020.07.14"]
[Round "6"]
[White "dopolian"]
[Black "Bazarov04"]
[Result "0-1"]
[WhiteElo "2443"]
[BlackElo "2592"]
[TimeControl "180+1"]
[EndTime "11:08:51 PDT"]
[Termination "Bazarov04 won by resignation"]

1. Nf3 Nf6 2. c4 e6 3. g3 d5 4.
Bg2 g6 5. O-O Bg7 6. cxd5 exd5 7. d4 O-O 8. Nc3 Re8 9. Bf4 c6 10. b4 Ne4 11. Rc1 Nxc3 12. Rxc3 a6 13. a4 Nd7 14.
Re1 Nb6 15. Ne5 f6 16. Nd3 Nc4 17. h4 Bg4 18. Qc2 Qe7 19. Nc1 Bf5 20. Nd3 Bxd3 21. Qxd3 Qxb4 22. Rb1 Qe7 23. e4 g5 24. hxg5 fxg5 25.
Bc1 Qf7 26. e5 h6 27. f4 gxf4 28. Bxf4 b5 29. axb5 axb5 30. Rf1 Qe6 31. Kh2 Ra2 32. Rc2 Rea8 33. Bh3 Qe7 34. Rff2 Rxc2 35. Qxc2 Qe8 36. Qf5 Ra7 37. Qg4 Kh8 38. Bc1 Rf7 39. Bf4 b4 40.
Ra2 b3 41. Ra1 b2 42. Rb1 Rb7 43. Bf1 Na3 44. Rxb2 Rxb2+ 45. Bg2 Nc4 46. Qf5 Ra2 47. e6 Ra7 48. Bh3 Re7 49. Qg4 Qf8 50. Qe2 Qf6 51.
Qa2 Rxe6 52. Bxe6 Qxe6 53. Qa8+ Kh7 54. Qa1 Qg6 55. Qd1 Qe4 56. Qg4 Qg6 57. Qd7 Qc2+ 58.
Kh3 Qg6 59. Kg2 h5 60. Kh2 Nb2 61. Qh3 Nd3 62. Qd7 Nxf4 63. gxf4 Qf6 64. Qc7 Qxd4 65.
Qxc6 Qxf4+ 66. Kh1 Qg4 67. Qxd5 Qg6 68. Qg2 Qf5 69.
Qh2 Bf6 70. Qg2 Kh6 71. Kg1 Bd4+ 72. Kh1 Qb1+ 73. Kh2 Be5+ 74. Kh3 Qd3+ 75. Kh4 Bf6+ 0-1

[Event "*** SCC Grand Prix: Titled Tuesday Blitz"]
[Site "Chess.com"]
[Date "2020.07.14"]
[Round "6"]
[White "ditkin25"]
[Black "malakismayil"]
[Result "1-0"]
[WhiteElo "2404"]
[BlackElo "2253"]
[TimeControl "180+1"]
[EndTime "11:08:52 PDT"]
[Termination "ditkin25 won on time"]

1. e4 e5 2. Nf3 Nc6 3. Nc3 Nf6 4. Be2 Bb4 5. Nd5 Be7 6. d3 d6 7. Nxe7 Qxe7 8. Bg5 h6 9. Bh4 g5 10. Bg3 Be6 11.
c3 O-O-O 12. Qa4 Kb8 13. O-O-O Bd7 14. Qc2 Be6 15. Kb1 Rhe8 16. h4 g4 17. Nd2 h5 18.
f3 Rg8 19. Bf2 gxf3 20. Bxf3 Ng4 21. Bg1 Rdf8 22. Qa4 Bd7 23. Qa3 a6 24. d4 f5 25.
d5 Nd8 26. Ka1 f4 27. c4 Bc8 28. c5 Nf6 29. Nc4 Nf7 30. cxd6 Nxd6 31. Nxd6 cxd6 32.
Qa5 Qd8 33. Bb6 Qe8 34. Bc7+ Ka8 35. Bxd6 Bg4 36. Rc1 Bxf3 37. gxf3 Rf7 38. Qb6 Nd7 39.
Qa5 Rf6 40. Bb4 Qd8 41. Qa3 Qb6 42. Rc2 Rfg6 43. Rhc1 Rg1 44. Ba5 Rxc1+ 45. Rxc1 Rg1 46. Kb1 Rxc1+ 47. Kxc1 Qg1+ 48. Kc2 Qf2+ 49. Bd2 Qb6 50. Qe7 Qc7+ 51. Bc3 Ka7 52. d6 Qc6 53. b3 Qb5 54.
Kb2 Qe2+ 55. Ka3 Qb5 56. Qe6 Qc5+ 57. Bb4 Qc6 58. Qc4 Qb6 59. Bc3 Nc5 60. Qd5 Qb5 61.
Bxe5 1-0